 Dungeon Crawl Stone Soup version 0.31.0-1-g2c135a008e (webtiles) character file.

Game seed: 18333530820464360848

60 qw the Shooter (level 4, -9/35 HPs)
             Began as a Djinni Hunter on Jan 23, 2024.
             Mangled by an orc warrior
             ... wielding a +0 mace
              (13 damage)
             ... on level 6 of the Dungeon.
             The game lasted 00:00:04 (1213 turns).

qw the Shooter (Djinni Hunter)                      Turns: 1213, Time: 00:00:04

Health: -9/35      AC:  3    Str: 10    XL:     4   Next: 24%
Gold:   69         EV: 12    Int: 11    God:
                   SH:  0    Dex: 18

rFire   + + .        a - +0 shortbow
rCold   x . .        (shield currently unavailable)
rNeg    . . .        c - +0 leather armour
rPois   inf          (no helmet)
rElec   .            (no cloak)
rCorr   .            (no gloves)
SInv    .            (boots unavailable)
Will    .....        (no amulet)
Stlth   +++          (no ring)
HPRegen 0.25/turn    (no ring)
MPRegen 0.00/turn

%: infuse magic (-10 HP)
@: flying
A: sickness immunity, fire resistance 2, cold vulnerability 1, float, innate
caster, HP casting, extra vitality 1, thin skeletal structure 1, clumsy 1
a: no special abilities


You were on level 6 of the Dungeon.
You visited 1 branch of the dungeon, and saw 4 of its levels.

You collected 69 gold pieces.


Innate Abilities, Weirdness & Mutations

You are immune to sickness and miasma.
You are immune to poison.
Your flesh is very heat resistant. (rF++)
You are vulnerable to cold. (rC-)
You float through the air rather than walking.
You learn spells naturally, not from books.
Your magical power is your life essence.
You have superior vitality. (+4 MHP)
You have a somewhat thin skeletal structure. (Dex +2, Stealth+)
You are clumsy. (Dex -2)


   Skills:
 - Level 3.1 Fighting
 - Level 4.0 Ranged Weapons
 + Level 2.3 Dodging
 - Level 0.7 Stealth


You knew the following spells:

 Your Spells              Type           Power      Damage    Failure   Level
a - Slow                  Hex            0%         N/A       43%         1
Your spell library was empty.

Inventory:

Hand Weapons
 a - a +0 shortbow (weapon)
Armour
 c - a +0 leather armour (worn)
Potions
 b - a potion of lignification {unknown}
 d - a potion of haste
 g - a potion of magic {unknown}
 h - a potion of enlightenment
 i - a potion of cancellation {unknown}
 j - a potion of heal wounds {unknown}

Dungeon Overview and Level Annotations

Branches:
Dungeon (3/15)

Altars:

Shops:
D:2 (


Message History

You shoot an arrow. The arrow hits the orc.
The orc is almost dead.
The orc closely misses you. The orc misses you.
You shoot an arrow. The arrow closely misses the orc.
The arrow completely misses the orc priest.
The orc hits you with a +0 flail.
You shoot an arrow. The arrow hits the orc.
You kill the orc!
You shoot an arrow.
The arrow closely misses the orc priest.
The orc priest barely misses you.
You shoot an arrow.
The arrow closely misses the orc priest.
The arrow barely misses the orc warrior.
The orc priest closely misses you.
The orc priest looks satisfied for a moment.
You shoot an arrow.
The arrow closely misses the orc warrior.
The arrow completely misses the orc priest.
The arrow hits the orc.
The orc is lightly wounded.
The orc warrior barely misses you.
You shoot an arrow.
The arrow hits the orc warrior but does no damage.
The orc warrior closely misses you.
You shoot an arrow.
The arrow hits the orc warrior but does no damage.
The orc warrior closely misses you.
You shoot an arrow.
The arrow hits the orc warrior but does no damage.
The orc warrior hits you with a +0 mace! x2
You shoot an arrow.
The arrow hits the orc warrior but does no damage.
The orc priest mumbles some strange prayers to Beogh against you.
Beogh smites you!
The orc warrior hits you with a +0 mace.
You shoot an arrow.
The arrow hits the orc warrior but does no damage.
The orc warrior hits you with a +0 mace!
You die...

.. ... . .
... . #. #.#
.#
##.##.###.#
.##.........#
o.o.........#
#oo.ooo...#
#o# #@# #.#
... .)...
.......
.....#...
......#....
.......#.....


You could see an orc warrior, 2 orc priests and an orc.

Vanquished Creatures
  2 adders
  2 dart slugs (D:1)
  An orc (D:6)
  2 endoplasms (D:2)
  3 giant cockroaches
  5 goblins
  4 hobgoblins
  4 kobolds
  4 quokkas
  A frilled lizard (D:1)
  6 rats
34 creatures vanquished.

Notes
Turn   | Place    | Note
-------+----------+-------------------------------------------
     0 | D:1      | qw the Djinni Hunter began the quest for the Orb.
     0 | D:1      | Reached XP level 1. HP: 18/18 MP: 0/0
     0 | D:1      | 0 ||| qw: Version: 0.3-a-135-gb77e89d
     0 | D:1      | 0 ||| qw: Game counter: 794
     0 | D:1      | 0 ||| qw: Melee chars always use a shield: true
     0 | D:1      | 0 ||| qw: God list: Okawaru
     0 | D:1      | 0 ||| qw: Allow faded altars: false
     0 | D:1      | 0 ||| qw: Do Orc after clearing Dungeon:15 true
     0 | D:1      | 0 ||| qw: Do second Lair branch before Depths: true
     0 | D:1      | 0 ||| qw: Lair rune preference: random
     0 | D:1      | 0 ||| qw: Goals: Normal
     0 | D:1      | 0 ||| PLANNING D:1-11
    80 | D:1      | Reached XP level 2. HP: 22/23 MP: 0/0
   299 | D:1      | Reached XP level 3. HP: 25/28 MP: 0/0
   299 | D:1      | Learned a level 1 spell: Slow
   336 | D:1      | Reached skill level 4 in Ranged Weapons
   419 | D:1      | 419 ||| READING scroll labelled NANNIMNESONG.
   419 | D:1      | 419 ||| IDENTIFYING blue potion
   420 | D:1      | 420 ||| READING scroll labelled XON ESSATRONU.
   423 | D:1      | 423 ||| DROPPING scroll of butterflies.
   424 | D:1      | 424 ||| DROPPING potion of brilliance.
   472 | D:2      | Found Etaoc's Weapon Boutique.
   493 | D:2      | 493 ||| SHOPLISTING +0 orcbow of freezing (107 gold, have
                  | 0).
  1106 | D:2      | 1106 ||| READING 2 scrolls of identify.
  1106 | D:2      | 1106 ||| IDENTIFYING fuming golden potion
  1107 | D:2      | 1107 ||| READING scroll of identify.
  1107 | D:2      | 1107 ||| IDENTIFYING lumpy cyan potion
  1108 | D:2      | 1108 ||| DRINKING potion of mutation.
  1108 | D:2      | Gained mutation: You are clumsy. (Dex -2) [potion of
                  | mutation]
  1108 | D:2      | Gained mutation: You have a somewhat thin skeletal
                  | structure. (Dex +2, Stealth+) [potion of mutation]
  1109 | D:2      | 1109 ||| READING scroll labelled ETALEFU YGHO.
  1110 | D:2      | 1110 ||| DRINKING 2 purple potions.
  1173 | D:3      | Reached skill level 3 in Fighting
  1173 | D:3      | Reached XP level 4. HP: 35/35 MP: 0/0
  1197 | D:3      | You are sucked into a shaft and drop 3 floors!
  1199 | D:6      | Noticed an orc warrior
  1202 | D:6      | 1202 ||| RETREEEEATING.
  1212 | D:6      | HP: 7/35 [orc priest/divine providence (8)]
  1213 | D:6      | Mangled by an orc warrior

Levels and vault maps discovered:
D:1:      amcnicky_arrival_flooded_fountain, layout_rooms
D:2:      layout_loops_ring, serial_shops, shop, st_stairs_4,
          minmay_tree_intersection
D:3:      layout_loops_corners, mainiacjoe_overflow_catwalk_spiral,
          gammafunk_ghost_abyssal_escape, uniq_crazy_yiuf_cottage
D:6:      layout_basic, nicolae_shop_dragon_depot, serial_park_tiny_1

Skill      XL: |  1  2  3 |
---------------+----------+-----
Ranged Weapons | 4 |  4.0
Fighting       | 3 |  3.1
Dodging        | |  2.3
Stealth        | |  0.7

Action                     |  1- 3 |  4- 6 || total
---------------------------+-------+-------++-------
   Fire: Shortbow          |    83 |    15 ||    98
    Use: Scroll            |     5 |       ||     5
         Potion            |     2 |       ||     2
 Armour: Leather armour    |    15 |     5 ||    20
  Dodge: Dodged            |    12 |     7 ||    19

Table legend:
 A = Non-vault XP
 B = Vault XP
 C = Vault XP percentage of total XP
 D = Non-vault monster count
 E = Vault monster count
 F = Vault count percentage of total count
                 A         B        C        D         E       F
            +---------+---------+-------+---------+---------+-------
      Total |      82 |       4 |   4.7 |      32 |       2 |   5.9
            +---------+---------+-------+---------+---------+-------
        D:1 |      30 |       0 |   0.0 |      16 |       0 |   0.0
        D:2 |      32 |       4 |  11.1 |      12 |       2 |  14.3
        D:3 |      17 |       0 |   0.0 |       3 |       0 |   0.0
        D:6 |       3 |       0 |   0.0 |       1 |       0 |   0.0
            +---------+---------+-------+---------+---------+-------
